 Dungeon Crawl Stone Soup version 0.22-a0-93-g6b88ebb (webtiles) character file.

980 KarmaPolice the Skirmisher (level 8, 0/43 HPs)
             Began as a Vine Stalker Assassin on Jan 24, 2018.
             Was a Follower of Dithmenos.
             Slain by a yak (7 damage)
             ... on level 4 of the Dungeon.
             The game lasted 00:17:13 (4828 turns).

KarmaPolice the Skirmisher (Vine Stalker Assassin)  Turns: 4828, Time: 00:17:14

Health: 0/43       AC:  4    Str: 13    XL:     8   Next: 17%
Magic:  0/11       EV: 12    Int: 11    God:    Dithmenos [*.....]
Gold:   200        SH:  0    Dex: 19    Spells: 7/7 levels left

rFire    . . .     SeeInvis .   v - +4 flail (drain)
rCold    . . .     Gourm    .   (no shield)
rNeg     . . .     Faith    .   c - +0 robe
rPois    .         Spirit   +   (no helmet)
rElec    .         Reflect  .   d - +1 cloak
rCorr    .         Harm     .   (no gloves)
MR       +....                  (no boots)
Stlth    ++++......             (no amulet)
HPRegen  0.54/turn              (no ring)
MPRegen  0.12/turn              (no ring)

@: wreathed by umbra
A: fangs 3, regeneration 1, magic shield, antimagic bite, no potion heal 3, rot
immunity
a: Renounce Religion


You were on level 4 of the Dungeon.
You worshipped Dithmenos.
Dithmenos was aware of your devotion.
You were not hungry.

You visited 1 branch of the dungeon, and saw 5 of its levels.

You collected 200 gold pieces.

Inventory:

Hand Weapons
 b - a +0 blowgun
 h - a cursed -1 short sword
 r - a +2 dagger of freezing
 v - a +4 flail of draining (weapon)
Missiles
 e - 26 poisoned needles
 f - 2 curare-tipped needles
 l - 8 javelins (quivered)
Armour
 c - a +0 robe (worn)
 d - a +1 cloak (worn)
Jewellery
 x - an uncursed ring of protection from magic {unknown}
Scrolls
 j - a scroll of enchant weapon {unknown}
 k - 5 scrolls of remove curse
 n - 2 scrolls of magic mapping {unknown}
 o - 2 scrolls of immolation {unknown}
 s - a scroll of fear {unknown}
Potions
 m - a potion of degeneration {unknown}
 p - a potion of curing {unknown}
 q - 2 potions of invisibility {unknown}
 t - a potion of magic {unknown}
 u - a potion of might {unknown}
Comestibles
 g - 9 rations
 w - 8 chunks of flesh


   Skills:
 + Level 5.2 Fighting
 - Level 4.5 Short Blades
 + Level 2.1 Maces & Flails
 - Level 3.0 Throwing
 - Level 0.7 Dodging
 - Level 4.8 Stealth
 + Level 3.9 Invocations


You had 7 spell levels left.
You didn't know any spells.

Dungeon Overview and Level Annotations

Branches:
Dungeon (5/15)
 Temple: D:4-7

Altars:
Dithmenos
Fedhas
Nemelex Xobeh
Qazlal

Shops:
D:4 *


Innate Abilities, Weirdness & Mutations

You have razor-sharp teeth.
Your natural rate of healing is unusually fast.
When hurt, damage is shared between your health and your magic reserves.
Your bite disrupts and absorbs the magic of your enemies.
Potions cannot restore your health.
You are immune to rotting.


Message History

Magic restored.
There is a stone staircase leading down here.
You climb downwards.
The yak gores you.
There is a stone staircase leading up here.
Unknown command.
The yak barely misses you. The yak gores you!
You climb upwards.
There is a stone staircase leading down here.
As you read the scroll labeled MOYRAC DUZIN, it crumbles to dust.
You feel blessed for a moment.
It was a scroll of remove curse.
The yak gores you! x2
* * * LOW HITPOINT WARNING * * *
As you read the scroll labeled MUOPPYCZI, it crumbles to dust.
It is a scroll of amnesia.
You feel forgetful for a moment. The yak barely misses you. The yak gores you.
* * * LOW HITPOINT WARNING * * *
As you read the scroll labeled OWAGACK KICKY, it crumbles to dust.
It is a scroll of enchant armour.
Your +0 cloak glows green for a moment.
The yak gores you!
You die...

#### ...# )..# #########
...############### #.......#
...............Y@# #.#####.#
...###########.#Y####.#####.#
)..# #.#Y#....#.....#
...###########.#.#.####.########
.......[....##...#.#...........#
............##.###.#..#.###..#.#
#...........##.# #.##.#........#
#...........##.# #....#.##..####
#...........##.# #########..#


You could see 3 yaks.

Vanquished Creatures
  A yak (D:4)
  Edmund (D:4)
  An ogre (D:3)
  A centaur (D:2)
  A phantom (D:4)
  A scorpion (D:4)
  A howler monkey (D:4)
  An orc priest (D:4)
  An orc wizard (D:4)
  Jessica (D:3)
  3 worker ants (D:4)
  4 gnolls
  11 adders
  An ooze (D:2)
  2 adder skeletons (D:4)
  2 worms
  2 dart slugs
  4 leopard geckos (D:2)
  5 orcs
  7 bats
  3 giant cockroaches
  9 goblins
  5 hobgoblins
  6 jackals
  A quokka (D:2)
  A ball python (D:3)
  7 frilled lizards
  8 kobolds
  A quokka skeleton (D:4)
  6 rats
98 creatures vanquished.

Notes
Turn   | Place    | Note
-------+----------+-------------------------------------------
     0 | D:1      | KarmaPolice the Vine Stalker Assassin began the quest for the Orb.
     0 | D:1      | Reached XP level 1. HP: 11/11 MP: 2/2
   151 | D:1      | Reached skill level 2 in Fighting
   159 | D:1      | Reached XP level 2. HP: 11/15 MP: 3/3
   745 | D:1      | Reached XP level 3. HP: 7/18 MP: 2/4
  1331 | D:2      | Found a stormy altar of Qazlal.
  1795 | D:2      | Noticed a centaur
  1801 | D:2      | Killed a centaur
  1801 | D:2      | Reached skill level 3 in Fighting
  1801 | D:2      | Gained mutation: Your natural rate of healing is unusually fast. [Vine Stalker growth]
  1801 | D:2      | Reached XP level 4. HP: 24/24 MP: 5/5
  1801 | D:2      | Reached XP level 5. HP: 28/28 MP: 6/6
  2770 | D:3      | Found a shadowy altar of Dithmenos.
  2845 | D:3      | Became a worshipper of Dithmenos the Shadowed
  3072 | D:3      | Noticed Jessica
  3079 | D:3      | Killed Jessica
  3079 | D:3      | Reached XP level 6. HP: 32/32 MP: 7/7
  3135 | D:3      | Found a blossoming altar of Fedhas.
  3551 | D:2      | Reached skill level 1 in Invocations
  3687 | D:3      | Found a sparkling altar of Nemelex Xobeh.
  3822 | D:4      | Found Laqouxokh's Assorted Antiques.
  3844 | D:4      | Reached * piety under Dithmenos
  3850 | D:4      | Reached skill level 4 in Fighting
  3912 | D:4      | Noticed Edmund
  3954 | D:3      | Reached XP level 7. HP: 37/37 MP: 9/9
  4179 | D:4      | Killed Edmund
  4320 | D:4      | Reached skill level 1 in Maces & Flails
  4599 | D:4      | Gained mutation: You have razor-sharp teeth. [Vine Stalker growth]
  4599 | D:4      | Reached XP level 8. HP: 42/42 MP: 11/11
  4712 | D:5      | Entered Level 5 of the Dungeon
  4712 | D:5      | Noticed a yak
  4712 | D:5      | Noticed a yak
  4712 | D:5      | Noticed a yak
  4712 | D:5      | Noticed a yak
  4712 | D:5      | Noticed a yak
  4721 | D:4      | Killed a yak
  4721 | D:4      | Reached skill level 5 in Fighting
  4828 | D:4      | Slain by a yak

Vault maps used:
D:1:      scummos_arrival_simple_fountains
D:2:      lemuel_round_altar, first_ration
D:3:      marbit_many_paths, lemuel_crystal_altar,
          lemuel_coloured_pillars_altar, uniq_jessica
D:4:      serial_shops, shop, uniq_edmund
D:5:      okawaru_gym_becter

Skill      XL: |  1  2  3  4  5  6  7  8 |
---------------+-------------------------+-----
Fighting       | 2 3 4 5 |  5.2
Short Blades   | 2 3 4 |  4.5
Throwing       | 2 3 |  3.0
Invocations    | 2 3 |  3.9
Maces & Flails | 1 2 |  2.1
Dodging        | |  0.7
Stealth        | |  4.8

Action                   |  1- 3 |  4- 6 |  7- 9 || total
-------------------------+-------+-------+-------++-------
Melee: Dagger            |    82 |   176 |     1 ||   259
       Bite              |    17 |    45 |     9 ||    71
       Flail             |       |       |    42 ||    42
 Fire: Blowgun           |       |     9 |    11 ||    20
Throw: Stone             |     2 |     7 |       ||     9
  Use: Scroll            |       |       |     3 ||     3
 Stab: Sleeping          |     7 |    14 |     4 ||    25
  Eat: Chunk             |     3 |     6 |     3 ||    12
Armor: Robe              |    22 |    26 |     6 ||    54
Dodge: Dodged            |    55 |    75 |    32 ||   162

Table legend:
 A = Spawn XP
 B = Non-spawn XP
 C = Spawn XP percentage of total XP
 D = Spawn monster count
 E = Non-spawn monster count
 F = Spawn count percentage of total count
 G = Total turns spent on level
                    A         B        C        D         E        F      G
               +---------+---------+-------+---------+---------+-------+---------
         Total |       0 |    1401 |   0.0 |       0 |      98 |   0.0 |  4828
               +---------+---------+-------+---------+---------+-------+---------
           D:1 |       0 |      37 |   0.0 |       0 |      20 |   0.0 |  1329
           D:2 |       0 |     263 |   0.0 |       0 |      31 |   0.0 |  1485
           D:3 |       0 |     270 |   0.0 |       0 |      28 |   0.0 |  1101
           D:4 |       0 |     831 |   0.0 |       0 |      19 |   0.0 |   909
               +---------+---------+-------+---------+---------+-------+---------
